 Dungeon Crawl Stone Soup version 0.29.1-12-g30fa7ad0bf (webtiles) character file.

Game seed: 11888770033357274085

98 xian the Shooter (level 4, -2/36 HPs)
             Began as a Draconian Arcane Marksman on Jan 10, 2023.
             Slain by a goblin
             ... wielding a +0 club
              (4 damage)
             ... on level 5 of the Dungeon.
             The game lasted 00:05:06 (2642 turns).

xian the Shooter (Draconian Arcane Marksman)        Turns: 2642, Time: 00:05:06

Health: -2/36      AC:  5    Str: 15    XL:     4   Next: 43%
Magic:  5/5        EV: 12    Int: 13    God:
Gold:   119        SH:  0    Dex: 11    Spells: 2/5 levels left

rFire   . . .      SeeInvis .   a - +1 sling
rCold   . . .      Faith    .   (no shield)
rNeg    . . .      Spirit   .   (body armour unavailable)
rPois   .          Reflect  .   (helmet restricted)
rElec   .          Harm     .   (no cloak)
rCorr   .          Rampage  .   (no gloves)
Will    .....                   (no boots)
Stlth   +.........              (no amulet)
HPRegen 0.12/turn               (no ring)
MPRegen 0.09/turn               (no ring)

@: no status effects
A: AC +5, unfitting armour, cold-blooded
a: no special abilities


You were on level 5 of the Dungeon.
You visited 1 branch of the dungeon, and saw 5 of its levels.

You collected 119 gold pieces.

Inventory:

Hand Weapons
 a - a +1 sling (weapon)
 p - a +0 morningstar
Wands
 t - a wand of digging (4)
Scrolls
 b - 4 scrolls of poison
 d - a scroll of enchant armour {unknown}
 f - 2 scrolls of amnesia
 i - a scroll of blinking {unknown}
 j - a scroll of summoning {unknown}
 l - a scroll of teleportation {unknown}
 m - a scroll of silence {unknown}
 q - a scroll of vulnerability {unknown}
 r - a scroll of acquirement {unknown}
 s - 2 scrolls of identify {unknown}
 u - 2 scrolls of immolation {unknown}
Potions
 c - 2 potions of flight {unknown}
 e - 2 potions of heal wounds
 g - 3 potions of curing {unknown}
 h - 2 potions of haste {unknown}
 k - a potion of resistance {unknown}
 n - a potion of lignification {unknown}
 o - a potion of degeneration {unknown}


   Skills:
 + Level 1.6 Fighting
 + Level 3.5 Ranged Weapons
 + Level 2.0 Dodging
 + Level 0.4 Stealth
 + Level 1.0 Spellcasting
 + Level 3.1 Hexes
 + Level 0.2 Summonings


You had 2 spell levels left.
You knew the following spells:

 Your Spells              Type           Power      Damage    Failure   Level
a - Slow                  Hex            32%        N/A       8%          1
b - Call Imp              Summ           1%         N/A       36%         2

Your spell library contained the following spells:

 Spells                   Type           Power      Damage    Failure   Level
 Magic Dart               Conj           0%         1d3       28%         1
 Inner Flame              Hex/Fire       4%         N/A       41%         3
 Portal Projectile        Hex/Tloc       8%         N/A       41%         3
 Cause Fear               Hex            4%         N/A       61%         4
 Mephitic Cloud           Conj/Pois/Air  0%         N/A       63%         3


Dungeon Overview and Level Annotations

Branches:
Dungeon (5/15)
 Temple: D:4-7

Altars:

Shops:
D:2 =


Innate Abilities, Weirdness & Mutations

Your plain brown scales are hard. (AC +5)
You cannot fit into any form of body armour.
You are cold-blooded and may be slowed by cold attacks.


Message History

There is a stone staircase leading up here.
Found a scale mail.
Found a stone staircase leading down.
An ogre comes into view. It is wielding a +0 giant spiked club.
The ogre shouts!
A goblin comes into view. It is wielding a +0 club.
Casting: Call Imp (quite dangerous; 36% risk of failure)
Confirm with . or Enter, or press ? or * to list all spells.
Aiming: Slow (safe; 8% risk of failure)
Press: ? - help, Shift-Dir - straight line, f - ogre
Aim: an ogre, wielding a +0 giant spiked club (chance to affect: 46%)
The ogre seems to slow down.
The goblin shouts!
A hound comes into view.
The hound barks!
The goblin misses you.
The ogre hits you with a +0 giant spiked club!!
Ouch! That really hurt!
The goblin hits you with a +0 club. The hound attacks as you move away!
The hound misses you. The hound bites you. The goblin hits you with a +0 club.
* * * LOW HITPOINT WARNING * * *
The hound attacks as you move away! The hound bites you.
* * * LOW HITPOINT WARNING * * *
The hound bites you.
* * * LOW HITPOINT WARNING * * *
The goblin attacks as you move away! The goblin misses you.
The ogre is no longer moving slowly.
There is a stone staircase leading down here.
The hound bites you but does no damage. x2; The goblin hits you with a +0 club.
* * * LOW HITPOINT WARNING * * *
You climb downwards.
There is a stone staircase leading up here.
Unknown command.
As you read the scroll labelled PAEZXO AHAULA, it crumbles to dust.
It is a scroll of amnesia.
Really abort (and waste the scroll)?
Okay, then.
The hound closely misses you. The goblin hits you with a +0 club.
You die...

.##.######
......h@g#
###.#...h...#
#.......#
#.......#
#..S....#
#.......#
#.......#
#.......#


You could see a black bear (asleep), a hound, an adder and a goblin.

Vanquished Creatures
  A gnoll (D:1)
  5 adders
  A dart slug (D:3)
  2 orcs (D:3)
  6 endoplasms
  2 giant cockroaches
  2 goblins
  3 hobgoblins
  2 quokkas
  3 ball pythons
  6 bats
  2 frilled lizards
  3 kobolds
  3 rats
41 creatures vanquished.

Notes
Turn   | Place    | Note
-------+----------+-------------------------------------------
     0 | D:1      | xian the Draconian Arcane Marksman began the quest for the
                  | Orb.
     0 | D:1      | Reached XP level 1. HP: 16/16 MP: 2/2
    50 | D:1      | Reached XP level 2. HP: 23/23 MP: 3/3
   530 | D:1      | Found a faded altar of an unknown god.
   780 | D:2      | Reached XP level 3. HP: 25/28 MP: 4/4
   869 | D:2      | Found Wegiking's Jewellery Shop.
  1028 | D:2      | Learned a level 2 spell: Call Imp
  1577 | D:3      | Noticed Jessica
  1760 | D:3      | Reached XP level 4. HP: 11/35 MP: 0/5
  2624 | D:4      | Noticed an ogre
  2641 | D:5      | Entered Level 5 of the Dungeon
  2641 | D:5      | Noticed a black bear
  2642 | D:5      | Slain by a goblin

Illustrated notes

Levels and vault maps discovered:
D:1:      minmay_arrival_solitary_statue, layout_basic,
          shapermc_ecumenical_altar_mp_vishouse
D:2:      layout_rooms, serial_shops, shop
D:3:      layout_rooms, serial_rivers, chequers_serial_rivers_micro_d,
          chequers_serial_rivers_large_a, chequers_serial_rivers_micro_b,
          chequers_serial_rivers_room_b, chequers_serial_rivers_micro_d,
          minmay_pentangle, uniq_jessica
D:4:      layout_basic, mainiacjoe_overflow_paths, uniq_crazy_yiuf_cottage,
          uniq_edmund
D:5:      layout_loops_cross, minmay_fractal_squares_gapless_5, uniq_menkaure

Skill      XL: |  1  2  3 |
---------------+----------+-----
Ranged Weapons | 2 3 |  3.5
Hexes          | 3 |  3.1
Dodging        | 2 |  2.0
Fighting       | |  1.6
Stealth        | |  0.4
Spellcasting   | |  1.0
Summonings     | |  0.2

Action                   |  1- 3 |  4- 6 || total
-------------------------+-------+-------++-------
Melee: Morningstar       |     4 |     6 ||    10
       Tailslap          |     1 |       ||     1
 Fire: Sling             |   120 |    27 ||   147
 Cast: Slow              |     2 |     1 ||     3
       Call Imp          |     1 |       ||     1
  Use: Scroll            |       |     1 ||     1
       Potion            |       |     1 ||     1
Armor: Skin              |    39 |     9 ||    48
Dodge: Dodged            |    64 |    22 ||    86
